 Dungeon Crawl Stone Soup version 0.28-a0-845-gfc338a8e3c (webtiles) character file.

Game seed: 4559160672868954048

231 croobank the Chopper (level 6, 0/33 (34) HPs)
             Began as a Tengu Chaos Knight on Nov 12, 2021.
             Was a Plaything of Xom.
             Slain by Crazy Yiuf (4 damage)
             ... on level 3 of the Dungeon.
             The game lasted 00:26:06 (3001 turns).

croobank the Chopper (Tengu Chaos Knight)           Turns: 3001, Time: 00:26:06

HP:   0/33 (34)     AC: 12    Str: 14    XL:     6   Next: 3%
MP:   10/10         EV:  7    Int: 12    God:    Xom [......]
Gold: 178           SH:  0    Dex: 14    Spells: 5/9 levels left

rFire   x . .      SeeInvis .   d - +1 falchion (venom)
rCold   + . .      Faith    .   (no shield)
rNeg    . . .      Spirit   .   r - +2 chain mail {rPois}
rPois   +          Reflect  .   (helmet restricted)
rElec   .          Harm     .   (no cloak)
rCorr   .          Rampage  .   k - +0 pair of gloves
Will    .....                   (boots unavailable)
Stlth   ..........              (no amulet)
HPRegen 0.11/turn               f - +4 ring of protection
MPRegen 0.12/turn               h - ring of ice

@: flying quickly and evasively, lightly drained, quick
A: beak, talons 3, nimble flight, deformed body, frail 1
a: Renounce Religion


You were on level 3 of the Dungeon.
You worshipped Xom.
You were a very special plaything of Xom.
You visited 1 branch of the dungeon, and saw 3 of its levels.

You collected 178 gold pieces.

Inventory:

Hand Weapons
 a - a +0 hand axe of chaos
 c - a +0 morningstar
 d - a +1 falchion of venom (weapon)
 p - a +0 flail
 q - a +0 rapier
 s - a +2 flail of protection
Missiles
 g - 4 javelins
 j - 42 stones
 o - 17 poisoned darts
Armour
 b - a +2 leather armour
 e - a +0 plate armour
 k - a +0 pair of gloves (worn)
 l - a +0 ring mail
 r - a +2 chain mail of poison resistance (worn)
 t - a +0 scale mail
Magical Staves
 u - a staff of fire
Jewellery
 f - a +4 ring of protection (left hand)
 h - a ring of ice (right hand)
 m - a ring of poison resistance
Scrolls
 i - 3 scrolls of teleportation
 n - a scroll of magic mapping


   Skills:
 + Level 3.7 Fighting
 * Level 1.8 Long Blades
 + Level 4.2 Axes
 + Level 0.9 Throwing
 + Level 2.5 Armour
 + Level 1.9 Dodging
 + Level 0.1 Stealth
 + Level 2.4 Spellcasting
 + Level 1.0 Earth Magic


You had 5 spell levels left.
You knew the following spells:

 Your Spells              Type           Power      Damage    Failure   Level
a - Sandblast             Erth           6%         2d5       99%         1
b - Stone Arrow           Conj/Erth      4%         3d7       100%        3

Your spell library contained the following spells:

 Spells                   Type           Power      Damage    Failure   Level
 Passwall                 Tmut/Erth      1%         N/A       100%        2


Dungeon Overview and Level Annotations

Branches:
Dungeon (3/15)

Altars:

Shops:
D:2 =

Annotations:
D:2 Sigmund
D:3 Crazy Yiuf


Innate Abilities, Weirdness & Mutations

You have a beak for a mouth.
You have claws for feet.
Your magical nature lets you fly swiftly and evasively.
Armour fits poorly on your strangely shaped body.
You are frail. (-10% HP)


Message History

You have reached level 6!
Your experience leads to an increase in your attributes!
Your base attributes are Str 14, Int 12, Dex 13.
Increase (S)trength, (I)ntelligence, or (D)exterity?
You feel agile.
Things that are here:
a +2 flail of protection; a +0 scale mail; the human corpse of Terence
s - a +2 flail of protection;
t - a +0 scale mail It was a potion of attraction.
You feel attractive to monsters.
Your magical contamination has completely faded away.
You see here 17 poisoned darts.
o - 17 poisoned darts You feel less attractive to monsters.
Found a stone staircase leading down.
There is a stone staircase leading down here.
i - 3 scrolls of teleportation (gained 1)
Found a twisted runed staff.
You see here a staff of fire.
u - a staff of fire You are now a very special plaything of Xom.
Found a stone staircase leading down.
You hear Xom's avuncular chuckle.
Your body is suffused with distortional energy.
Your body twists and deforms.
You feel agile.
Your magic regains its normal vibrancy.
Found a mace.
Found a runed translucent door.
Crazy Yiuf shouts!
You reach down and open the door.
You hit Crazy Yiuf.
Crazy Yiuf is poisoned.
You claw Crazy Yiuf.
Crazy Yiuf is heavily wounded.
Crazy Yiuf says, "Which is more difficult, to awaken one who sleeps or to awaken one who, awake, dreams that he is awake?"
Crazy Yiuf hits you with a +4 quarterstaff of chaos!
A shower of butterflies erupts from you!
Crazy Yiuf burns you!
Crazy Yiuf shuffles his notes under his cloak.
Crazy Yiuf hits you with a +4 quarterstaff of chaos!
* * * LOW HITPOINT WARNING * * *
You feel drained.
You die...

##..####.#
#....# #.#
♣....♣ #.#
♣♣...♣ #.#
♣♣.♣♣ #.#
♣♣.♣ #.# ###
♣b♣♣
#.########..
♣♣b♣
#...........
♣@♣♣
######.###.#
#g# #.# #.#


bbb #.# #.# #...# #># #.# #)..# #.# #.# ##### ######.###.# #........... ###
##.......... #.# ##.##.###.# You could see Crazy Yiuf (very poisoned, ally
target).

Vanquished Creatures
  An orc priest (D:3)
  Terence (D:3)
  Natasha (thrice) (D:3)
  An orc wizard (D:3)
  An adder (D:3)
  3 worms
  2 dart slugs (D:3)
  4 orcs
  2 ball pythons
  5 endoplasms
  3 giant cockroaches
  9 goblins
  5 hobgoblins
  A quokka (D:1)
  6 bats
  A frilled lizard (D:2)
  2 kobolds (D:3)
  5 rats
55 creatures vanquished.

Vanquished Creatures (collateral kills)
  A rat (D:2)
1 creature vanquished.

Grand Total: 56 creatures vanquished

Notes
Turn   | Place    | Note
-------+----------+-------------------------------------------
     0 | D:1      | croobank the Tengu Chaos Knight began the quest for the
                  | Orb.
     0 | D:1      | Reached XP level 1. HP: 14/14 MP: 2/2
   235 | D:1      | Reached XP level 2. HP: 19/19 MP: 3/3
   322 | D:2      | XOM is BORED!
   322 | D:2      | XOM: silly message
   451 | D:1      | XOM: silly message
   608 | D:2      | Found Machakk's Jewellery Boutique.
   683 | D:2      | Found a faded altar of an unknown god.
   746 | D:2      | XOM: butterfly on damage
   758 | D:2      | XOM: enchant monster (bad)
   771 | D:2      | Learned a level 1 spell: Sandblast
   809 | D:2      | XOM: god gift: 28 gold pieces
   861 | D:2      | XOM: divination: detect items
  1168 | D:2      | Reached XP level 3. HP: 23/23 MP: 4/4
  1222 | D:2      | XOM: noise
  1590 | D:2      | XOM: cloud trail
  1647 | D:2      | XOM: god gift: 6 large rocks
  1683 | D:2      | Reached skill level 4 in Axes
  1700 | D:2      | Noticed Sigmund
  1702 | D:2      | XOM: confusion
  1713 | D:2      | XOM: summons 3 friendly demons
  1727 | D:2      | XOM: 4-stop teleportation journey
  2072 | D:3      | XOM: blink monster(s)
  2082 | D:3      | Reached XP level 4. HP: 26/28 MP: 3/5
  2157 | D:3      | Reached skill level 1 in Spellcasting
  2169 | D:3      | Noticed Natasha
  2174 | D:3      | Killed Natasha
  2175 | D:3      | Gained mutation: Your magical nature lets you fly swiftly
                  | and evasively. [Tengu growth]
  2175 | D:3      | Reached XP level 5. HP: 28/32 MP: 6/8
  2317 | D:3      | XOM: silly message
  2405 | D:3      | Noticed Natasha
  2410 | D:3      | Killed Natasha
  2415 | D:3      | Learned a level 3 spell: Stone Arrow
  2433 | D:3      | Gained mutation: You are frail. (-10% HP) [potion of
                  | mutation]
  2433 | D:3      | Gained mutation: Your spells are a little easier to cast,
                  | but a little less powerful. [potion of mutation]
  2433 | D:3      | Gained mutation: You are clumsy. (Dex -2) [potion of
                  | mutation]
  2480 | D:3      | Noticed Natasha
  2487 | D:3      | Killed Natasha
  2488 | D:3      | Reached skill level 1 in Long Blades
  2590 | D:3      | Noticed Terence
  2603 | D:3      | Killed Terence
  2604 | D:3      | Reached skill level 1 in Earth Magic
  2604 | D:3      | Reached XP level 6. HP: 16/34 MP: 8/10
  2905 | D:3      | XOM: give mutations
  2905 | D:3      | Gained mutation: Armour fits poorly on your strangely
                  | shaped body. [Xom's mischief]
  2905 | D:3      | Lost mutation: You are clumsy. (Dex -2) [Xom's mischief]
  2905 | D:3      | Lost mutation: Your spells are a little easier to cast, but
                  | a little less powerful. [Xom's mischief]
  2996 | D:3      | Found a runed translucent door.
  2997 | D:3      | Noticed Crazy Yiuf
  3001 | D:3      | XOM: butterfly on damage
  3001 | D:3      | Slain by Crazy Yiuf

Illustrated notes

Levels and vault maps discovered:
D:1:      minmay_arrival_plants_in_alcoves, layout_basic
D:2:      kennysheep_the_goblin_king, layout_loops_ring,
          hellmonk_ecumenical_altar_crossroads, serial_shops,
          nicolae_lakefront_shop, uniq_sigmund
D:3:      layout_loops_ring, uniq_crazy_yiuf_cottage, uniq_natasha, uniq_terence

Skill      XL: |  1  2  3  4  5 |
---------------+----------------+-----
Axes           | 4 |  4.2
Spellcasting   | 1 2 |  2.4
Long Blades    | 1 |  1.8
Earth Magic    | 1 |  1.0
Fighting       | |  3.7
Throwing       | |  0.9
Armour         | |  2.5
Dodging        | |  1.9
Stealth        | |  0.1

Action                   |  1- 3 |  4- 6 || total
-------------------------+-------+-------++-------
Melee: Hand axe          |    67 |       ||    67
       Kick              |    15 |    14 ||    29
       Peck              |     4 |     8 ||    12
       Falchion          |     8 |    53 ||    61
Throw: Stone             |     5 |       ||     5
       Javelin           |     4 |       ||     4
 Cast: Sandblast         |     9 |     6 ||    15
  Use: Scroll            |     4 |     1 ||     5
       Potion            |     2 |     2 ||     4
Armor: Leather armour    |    31 |    13 ||    44
       Chain mail        |       |    19 ||    19
Dodge: Dodged            |    38 |    24 ||    62

Table legend: (Time is in decaauts)
 A = Elapsed time spent in this place.
 B = Non-inter-level travel time spent in this place.
 C = Inter-level travel time spent in this place.
 D = Time resting spent in this place.
 E = Time spent auto-exploring this place.
 F = Levels seen in this place.
 G = Mean time per level.
                   A        B        C        D        E       F      G
               +--------+--------+--------+--------+--------+-----+--------+
         Total |   2971 |   2928 |     43 |    714 |   1410 |   3 |  990.3 |
       Dungeon |   2971 |   2928 |     43 |    714 |   1410 |   3 |  990.3 |
               +--------+--------+--------+--------+--------+-----+--------+

Top non-repeatable levels by time:
     D:2: 1542 daAuts
     D:3: 912 daAuts
     D:1: 516 daAuts
